 Dungeon Crawl Stone Soup version 0.18-a0-1721-gc4d1f22 (webtiles) character file.

196 Implojin the Skirmisher (level 5, -2/44 HPs)
             Began as a Mummy Monk on Apr 9, 2016.
             Slain by a mummy (17 damage)
             ... in an ossuary.
             The game lasted 00:08:11 (4002 turns).

Implojin the Skirmisher (Mummy Monk)                Turns: 4002, Time: 00:08:12

Health: -2/44      AC:  3    Str: 14    XL:     5   Next: 46%
Magic:  5/5        EV:  8    Int:  9    God:
Gold:   176        SH:  0    Dex: 19    Spells: 0 memorised, 4 levels left

rFire  . . .     SeeInvis .       - Unarmed
rCold  . . .     Gourm    .     (no armour)
rNeg   + + +     Faith    .     (no shield)
rPois  ∞         Spirit   .     (no helmet)
rElec  .         Dismiss  .     g - +2 cloak
rCorr  .         Reflect  .     (no gloves)
SustAt .         Harm     .     (no boots)
MR     .....                    (no amulet)
Stlth  ++........               i - ring of fire
                                c - +3 ring of dexterity

@: not resistant to hostile enchantments, unstealthy
A: no food or potions, fire vulnerability, cold resistance 1, negative energy
resistance 3, torment resistance, unbreathing
a: no special abilities


You were in an ossuary.
You were not hungry.

You visited 1 branch of the dungeon, and saw 4 of its levels.
You also visited: Ossuary.

You collected 176 gold pieces.

Inventory:

Armour
 g - a +2 cloak (worn)
Jewellery
 c - a +3 ring of dexterity (left hand)
 e - a -5 ring of intelligence
 i - a ring of fire (right hand)
Scrolls
 a - 2 scrolls of teleportation
 b - a scroll of enchant weapon {unknown}
 f - a scroll of recharging
Comestibles
 d - a meat ration


   Skills:
 - Level 5.2 Fighting
 - Level 2.4 Dodging
 - Level 1.5 Stealth
 * Level 4.3 Unarmed Combat


You had 4 spell levels left.
You didn't know any spells.

Dungeon Overview and Level Annotations

Branches:
Dungeon (4/15)
 Temple: D:4-7

Altars:
Ashenzari


Innate Abilities, Weirdness & Mutations

You do not eat or drink.
Your flesh is vulnerable to fire.
You are immune to poison.
Your flesh is cold resistant.
You are immune to negative energy.
You are immune to unholy pain and torment.
You can survive without breathing.


Message History

You hit the adder zombie. The adder zombie closely misses you.
You can't drink.
Unknown command.
You hit the adder zombie but do no damage.
The adder zombie barely misses you.
You closely miss the adder zombie. The adder zombie bites you.
You hit the adder zombie. The adder zombie bites you.
You closely miss the adder zombie. The adder zombie misses you.
You punch the adder zombie! The adder zombie barely misses you.
You hit the adder zombie but do no damage.
The adder zombie closely misses you.
You hit the adder zombie.
You destroy the adder zombie!
You hit the giant frog zombie but do no damage.
The giant frog zombie closely misses you.
You hit the mummy but do no damage. You hit the mummy.
The mummy is lightly damaged.
You hit the mummy.
The mummy is moderately damaged.
You hit the mummy.
You destroy the mummy!
The giant frog zombie hits you.
You hit the mummy but do no damage.
The mummy is moderately damaged.
The giant frog zombie closely misses you.
The mummy barely misses you.
You hit the mummy but do no damage.
The mummy is moderately damaged.
The giant frog zombie closely misses you.
You hit the mummy but do no damage.
The mummy is moderately damaged.
The giant frog zombie hits you. The mummy hits you!
* * * LOW HITPOINT WARNING * * *
There is an empty arch of ancient stone here.
The giant frog zombie closely misses you.
There is a gate leading back out of this place here.
The giant frog zombie closely misses you.
The mummy hits you!
You die... +. #.' '.# #.# +Z'

###.#####
#.'.#ZZ@#
#.Z.M.#
+.#...#
#.#####


'Z. ##+#+ You could see a mummy, an adder zombie, a giant frog zombie and a
centaur zombie.

Vanquished Creatures
  2 mummies
  A gnoll (D:1)
  3 adders (D:2)
  2 oozes (D:1)
  An adder skeleton (D:4)
  An adder zombie (Ossuary)
  A worm (D:2)
  6 dart slugs
  3 giant geckos (D:1)
  6 orcs
  6 giant cockroaches
  8 goblins
  9 hobgoblins
  15 jackals
  3 quokkas
  2 ball pythons
  8 bats
  4 giant newts
  6 kobolds
  13 rats
100 creatures vanquished.

Vanquished Creatures (others)
  A withered plant (Ossuary)
1 creature vanquished.

Grand Total: 101 creatures vanquished

Notes
Turn   | Place    | Note
--------------------------------------------------------------
     0 | D:1      | Implojin the Mummy Monk began the quest for the Orb.
     0 | D:1      | Reached XP level 1. HP: 18/18 MP: 1/1
   268 | D:1      | Reached XP level 2. HP: 14/24 MP: 2/2
   681 | D:1      | Reached skill level 4 in Unarmed Combat
   739 | D:1      | Reached XP level 3. HP: 24/29 MP: 3/3
  1542 | D:2      | Reached XP level 4. HP: 31/37 MP: 4/4
  1714 | D:2      | Reached skill level 4 in Fighting
  2062 | D:2      | Found a shattered altar of Ashenzari.
  2612 | D:3      | Reached XP level 5. HP: 32/43 MP: 5/5
  3336 | D:4      | Reached skill level 5 in Fighting
  3738 | D:4      | Found a sand-covered staircase.
  3842 | Ossuary  | Entered an ossuary
  4002 | Ossuary  | Slain by a mummy

Vault maps used:
D:1:      dpeg_arrival_simpleton_c
D:2:      lemuel_doored_altar, grunt_ministairs_6
D:4:      serial_shops, shop, nicolae_ossuary_entry_giza
Ossuary:  ossuary_zaba_flooded

Skill      XL: |  1  2  3  4  5 |
---------------+----------------+-----
Unarmed Combat | 4 |  4.3
Fighting       | 4 5 |  5.2
Dodging        | |  2.4
Stealth        | |  1.5

Action                   |  1- 3 |  4- 6 || total
-------------------------+-------+-------++-------
Melee: Unarmed           |   135 |   212 ||   347
  Use: Scroll            |       |     6 ||     6
 Stab: Sleeping          |     6 |     7 ||    13
       Distracted        |     2 |       ||     2

Table legend:
 A = Turns spent in this place as a percentage of turns spent in the entire game.
 B = Non-inter-level travel turns spent in this place as a percentage of non-inter-level travel turns spent in the entire game.
 C = Inter-level travel turns spent in this place as a percentage of turns spent in this place.
 D = Turns resting spent in this place as a percentage of non-inter-level travel turns spent in this place.
 E = Turns spent auto-exploring this place as a percentage of non-inter-level travel turns spent in this place.
 F = Non-inter-level travel turns spent in this place divided by the number of levels of this place that you've seen.
                   A       B       C       D       E      F
               +-------+-------+-------+-------+-------+----------------------
         Total | 100.0 | 100.0 |   0.3 |   3.3 |   7.5 | 235.6
       Dungeon |  96.4 |  96.3 |   0.4 |   3.3 |   7.8 | 283.8
       Ossuary |   3.6 |   3.7 |   0.0 |   4.7 |   0.0 |  43.0
               +-------+-------+-------+-------+-------+----------------------

Table legend:
 A = Kills in this place as a percentage of kills in entire the game.
 B = Kills by you in this place as a percentage of kills by you in the entire game.
 C = Kills by friends in this place as a percentage of kills by friends in the entire game.
 D = Other kills in this place as a percentage of other kills in the entire game.
 E = Experience gained in this place as a percentage of experience gained in the entire game.
 F = Experience gained in this place divided by the number of levels of this place that you have seen.
                   A       B       C       D       E      F
               +-------+-------+-------+-------+-------+----------------------
         Total | 100.0 | 100.0 |  -nan |  -nan | 100.0 |  56.2
       Dungeon |  98.0 |  98.0 |  -nan |  -nan |  92.5 |  65.0
       Ossuary |   2.0 |   2.0 |  -nan |  -nan |   7.5 |  21.0
               +-------+-------+-------+-------+-------+----------------------
